 Dungeon Crawl Stone Soup version 0.30-b1-2-g02819fbbbe (webtiles) character file.

Game seed: 906084042596158769

45822 MisterFreud the Black Belt (level 14, -13/151 HPs)
             Began as a Grey Draconian Transmuter on June 4, 2023.
             Was a High Priest of Yredelemnul.
             Mangled by a komodo dragon (22 damage)
             ... summoned by a boggart
             ... on level 5 of the Lair of Beasts.
             The game lasted 00:28:52 (17999 turns).

MisterFreud the Black Belt (DrTm)                  Turns: 17999, Time: 00:28:53

Health: -13/151    AC: 12    Str: 13    XL:     14   Next: 2%
Magic:  21/21      EV: 19    Int: 17    God:    Yredelemnul [*****.]
Gold:   703        SH:  0    Dex: 13    Spells: 16/23 levels left

rFire   x .          .
                       - Unarmed
rCold   + + +        (shield currently unavailable)
rNeg    . . .        (body armour unavailable)
rPois   +            (helmet currently unavailable)
rElec   .            o - melded +0 cloak
rCorr   .            (gloves currently unavailable)
SInv    .            p - melded +1 pair of boots
Will    +....        t - amulet of the acrobat
Stlth   +            g - +4 ring of protection
HPRegen 0.45/turn    T - +5 ring of evasion
MPRegen 0.17/turn

%: acrobat
@: ice-form (expiring), studying Short Blades
A: freezing attack, boosted hp, AC +13, amphibious, large, unfitting armour,
(cold-blooded)
a: End Transformation, Renounce Religion, Recall Undead Harvest, Dark Bargain,
Drain Life, Bind Soul


You were on level 5 of the Lair of Beasts.
You worshipped Yredelemnul.
Yredelemnul was aware of your devotion.
You were a creature of crystalline ice.
You visited 3 branches of the dungeon, and saw 16 of its levels.
You also visited: Ossuary.

You collected 811 gold pieces.
You spent 108 gold pieces at shops.

Inventory:

Hand Weapons
 j - the +4 sling of Wicked Valiance {antimagic, rPois rC- rN+ rCorr}
   (You found it on level 2 of the Dungeon)

   rC:        It makes you vulnerable to cold.
   rPois:     It protects you from poison.
   rN:        It protects you from negative energy.
   rCorr:     It protects you from acid and corrosion.
Missiles
 h - 52 poisoned darts
 l - 22 boomerangs
 D - a curare-tipped dart
 W - 6 javelins
Armour
 o - a +0 cloak (melded)
 p - a +1 pair of boots (melded)
Jewellery
 b - a ring of protection from cold
 e - a ring of ice
 g - a +4 ring of protection (left front paw)
 i - an amulet of guardian spirit
 k - an amulet of guardian spirit
 t - an amulet of the acrobat (around neck)
 y - a ring of fire
 I - a +6 ring of dexterity
 J - a ring of fire
 O - a ring of flight
 S - a ring of resist corrosion
 T - a +5 ring of evasion (right front paw)
 V - a ring of poison resistance
 Z - a ring of magical power
Wands
 x - a wand of flame (74)
 C - a wand of polymorph (23)
 Q - a wand of charming (5)
 R - a wand of acid (8)
 X - a wand of digging (5)
Scrolls
 n - 2 scrolls of fog
 r - 8 scrolls of teleportation
 z - a scroll of enchant weapon
 A - a scroll of torment
 G - 2 scrolls of fear
 H - 3 scrolls of magic mapping
 K - 2 scrolls of enchant armour
 P - a scroll of identify
 U - a scroll of amnesia
 Y - a scroll of blinking
Potions
 a - 3 potions of lignification
 c - 3 potions of brilliance
 d - 3 potions of might
 f - a potion of ambrosia
 m - 3 potions of haste
 q - 3 potions of magic
 s - 7 potions of curing
 u - a potion of mutation
 v - 5 potions of heal wounds
 w - 6 potions of flight
 B - 2 potions of cancellation
 E - 3 potions of invisibility
 F - a potion of berserk rage
 L - a potion of resistance {unknown}
 N - 2 potions of attraction
Miscellaneous
 M - a box of beasts (inert)


   Skills:
 - Level 12.0 Fighting
 - Level 10.0 Dodging
 - Level 15.0 Unarmed Combat
 - Level 5.0 Spellcasting
 + Level 9.1 Transmutations
 - Level 4.0 Ice Magic
 - Level 8.0 Invocations


You had 16 spell levels left.
You knew the following spells:

 Your Spells              Type           Power      Damage    Failure   Level
a - Ice Form              Ice/Tmut       26%        N/A       10%         4
b - Spider Form           Tmut/Pois      19%        N/A       7%          3

Your spell library contained the following spells:

 Spells                   Type           Power      Damage    Failure   Level
 Beastly Appendage        Tmut           70%        N/A       1%          1
 Wereblood                Tmut           35%        N/A       1%          2
 Frozen Ramparts          Ice            34%        1d6       9%          3
 Magic Dart               Conj           16%        1d3       14%         1
 Summon Small Mammal      Summ           16%        N/A       14%         1
 Call Canine Familiar     Summ           4%         N/A       38%         3
 Summon Guardian Golem    Hex/Summ       4%         N/A       38%         3
 Summon Ice Beast         Ice/Summ       11%        N/A       52%         4
 Borgnjor's Vile Clutch   Necr/Erth      2%         N/A       98%         5
 Animate Dead             Necr           Unusable   N/A       N/A         4
 Death Channel            Necr           Unusable   N/A       N/A         6

Dungeon Overview and Level Annotations

Branches:
Dungeon (10/15)            Temple (1/1) D:4            Lair (5/5) D:10
 Shoals (0/4) Lair:2        Snake (0/4) Lair:2        Slime (0/5) Lair:4
    Orc (0/2) D:9         Ossuary (visited)

Altars:
Ashenzari
Cheibriados
Dithmenos
Elyvilon
Fedhas
Gozag
Hepliaklqana
Kikubaaqudgha
Makhleb
Nemelex Xobeh
Okawaru
Qazlal
Ru
Sif Muna
Trog
Uskayaw
Vehumet
Wu Jian
Xom
Yredelemnul
Zin
The Shining One

Shops:
D:3 ![**:   D:4 (   D:8 *

Annotations:
D:6 3 runed translucent doors, TrebMcFLY's ghost, novice DECj
Lair:3 exclusion: oklob plant
Lair:4 1 runed translucent door


Innate Abilities, Weirdness & Mutations

You are a creature of crystalline ice.
You have a powerful freezing melee attack.
Your maximum health is increased.
Your armour is entirely melded.
You are incapable of wielding weapons or throwing items.
((Your dull iron-grey scales are very hard. (AC +13)))
You are amphibious.
You cannot fit into any form of body armour.
((You are cold-blooded and may be slowed by cold attacks.))


Message History

Your Transmutations skill increases to level 9!
Unknown command.
You pummel the spriggan!! You freeze the spriggan!
You kill the spriggan!
You hear an angry growl.
The spriggan rider hits you from afar with a +0 spear!
The dream sheep ruffles its wool and motes of dream dust sparkle, to no effect.
The spriggan hits you but does no damage.
You hit the spriggan but do no damage.
The spriggan rider hits you from afar with a +0 spear!
* * * LOW HITPOINT WARNING * * *
Unknown command.
You punch the spriggan! You freeze the spriggan.
The spriggan is severely wounded.
The spriggan hits you but does no damage.
The spriggan rider hits you from afar with a +0 spear.
* * * LOW HITPOINT WARNING * * *
Unknown command.
You pummel the spriggan!! You freeze the spriggan.
You kill the spriggan!
Unknown command.
Unknown command.
Unknown command.
Unknown command.
Unknown command.
Unknown command.
Unknown command.
Unknown command.
You hit the komodo dragon.
The komodo dragon seems to slow down.
You freeze the komodo dragon.
The komodo dragon is lightly wounded.
The spriggan rider hits you from afar with a +0 spear!!
* * * LOW HITPOINT WARNING * * *
You pummel the komodo dragon!!
The komodo dragon seems to slow down.
You freeze the komodo dragon!
The komodo dragon is almost dead.
You hear a howl! x2; You hear an angry buzzing noise.
The komodo dragon bites you!!
You die...
Your body rises from the dead as a mindless zombie. ♣♣♣♣♣♣ ♣♣♣♣♣♣ ♣hlYZ♣♣♣♣♣♣Z)8?♣♣ .FhFii♣♣ZZZZ♣♣...)..♣♣♣ .hhi♣

♣♣♣Z♣ZZZ.....♣.♣♣
..h
♣♣♣♣♣.....)))). h
♣......♣♣).
♣♣♣♣♣♣♣♣♣♣♣ ♣ ♣ ♣


You could see a spriggan rider (ally target), a komodo dragon (summoned, slow,
ally target), 2 cane toads, a black bear, 2 spriggans, 5 wolves, a friendly
bound seven-headed hydra, 4 friendly wolf zombies, a friendly boggart zombie and
3 friendly spriggan zombies.

Vanquished Creatures
  Gastronok (Lair:1)
  A hydra (Lair:2)
  A catoblepas (Lair:3)
  2 two-headed ogres (D:9)
  Urug (Lair:3)
  A death yak (Lair:3)
  A skyshark (Lair:3)
  An ugly thing (D:9)
  An elephant (Lair:4)
  3 black mambas
  7 cane toads
  A gargoyle (D:7)
  A kobold demonologist (D:10)
  3 torpor snails (Lair:3)
  6 komodo dragons
  A rime drake (Lair:3)
  2 trolls
  Grinder (D:6)
  2 blink frogs
  3 hornets
  9 dream sheep
  A slime creature (D:7)
  A shadow (D:9)
  Sigmund (D:2)
  7 wyverns
  3 hogs
  A wraith (D:8)
  Eustachio (D:4)
  35 yaks
  6 spriggans (Lair:5)
  A basilisk (Lair:4)
  A vampire mosquito (D:10)
  4 steam dragons
  4 nagas (Lair:2)
  2 wargs (D:10)
  10 water moccasins
  An acid dragon (D:9)
  2 ice beasts
  3 orc warriors
  A black bear (D:7)
  A boggart (Lair:5)
  20 wolves
  3 centaurs
  5 kobold brigands
  12 bullfrogs
  11 scorpions
  3 gnoll sergeants
  4 wights
  12 killer bees
  A howler monkey (D:5)
  3 centaur zombies (Ossuary)
  2 sleepcaps (D:4)
  5 orc priests
  2 gnoll boudas
  2 jellies
  Jessica (D:2)
  5 iguanas
  Terence (D:2)
  9 orc wizards
  4 scorpion zombies (Ossuary)
  7 hell rats (Lair:1)
  3 mummies
  20 gnolls
  10 adders
  A white imp (D:8)
  A worm (D:2)
  17 orcs
  3 ball pythons
  6 bats
  7 endoplasms
  4 giant cockroaches
  10 goblins
  5 hobgoblins
  10 jackals
  7 quokkas
  A frilled lizard (D:2)
  A gnoll zombie (Ossuary)
  5 goblin zombies
  3 hobgoblin zombies
  15 kobolds
  An orc zombie (Ossuary)
  6 rats
383 creatures vanquished.

Vanquished Creatures (collateral kills)
  Kirke (Lair:4)
  A catoblepas (Lair:4)
  2 hydras (Lair:3)
  A merfolk siren (Lair:2)
  3 elephants (Lair:4)
  A black mamba (Lair:3)
  A torpor snail (Lair:3)
  3 cane toads
  2 komodo dragons (Lair:3)
  A troll (D:9)
  4 polar bears
  9 blink frogs
  6 dream sheep
  2 spriggans (Lair:5)
  A wraith (D:10)
  6 yaks
  2 hogs (Lair:4)
  An acid dragon (D:10)
  2 water moccasins
  An orc warrior (D:10)
  8 wolves
  2 phantoms
  3 bullfrogs
  2 killer bees
  2 hounds
  A gnoll bouda (D:7)
  2 orc wizards (D:9)
  A scorpion zombie (Ossuary)
  A mummy (Ossuary)
  Robin (D:4)
  5 gnolls
  An adder (D:5)
  4 orcs
  10 kobolds
  7 goblins
  A goblin zombie (Ossuary)
101 creatures vanquished.

Vanquished Creatures (others)
  A spectral komodo dragon (Lair:3)
  A human (Lair:4)
  A cane toad zombie (Lair:3)
  A two-headed ogre zombie (D:9)
  A torpor snail zombie (Lair:3)
  A wyvern zombie (Lair:1)
  A warg zombie (D:10)
  4 yak zombies
  7 wolf zombies
  5 bullfrog zombies
  A centaur zombie (D:10)
  A scorpion zombie (D:7)
  2 killer bee zombies (D:9)
  2 acid dragon zombies
  A howler monkey zombie (D:5)
  2 gnolls (D:7)
  2 hell rat zombies (Lair:1)
  An iguana zombie (D:7)
  A jelly zombie (D:7)
  5 gnoll zombies
  A hobgoblin zombie (D:4)
  4 goblin zombies (D:4)
  7 kobold zombies
  7 orc zombies
  42 fungi
  56 plants
158 creatures vanquished.

Grand Total: 642 creatures vanquished

Notes
Turn   | Place    | Note
-------+----------+-------------------------------------------
     0 | D:1      | MisterFreud the Draconian Transmuter began the quest for
                  | the Orb.
     0 | D:1      | Reached XP level 1. HP: 16/16 MP: 3/3
    94 | D:1      | Reached XP level 2. HP: 22/23 MP: 5/5
   668 | D:2      | Reached XP level 3. HP: 20/28 MP: 6/6
   804 | D:2      | Learned a level 3 spell: Spider Form
   866 | D:2      | Noticed Jessica
   878 | D:2      | Killed Jessica
   879 | D:2      | Reached XP level 4. HP: 12/35 MP: 3/7
  1148 | D:2      | Noticed Terence
  1161 | D:2      | Killed Terence
  1162 | D:2      | Reached skill level 5 in Transmutations
  1313 | D:2      | Noticed Sigmund
  1329 | D:2      | HP: 1/35 [Sigmund/+5 heavy scythe (13)]
  1335 | D:2      | Killed Sigmund
  1336 | D:2      | Reached skill level 4 in Unarmed Combat
  1336 | D:2      | Reached XP level 5. HP: 23/45 MP: 3/8
  1336 | D:2      | Reached XP level 6. HP: 27/51 MP: 3/9
  1427 | D:2      | Identified the +4 sling of Wicked Valiance {antimagic,
                  | rPois rC- rN+ rCorr}
  1768 | D:3      | Found Elaafeim's Book Boutique.
  1972 | D:3      | Found Kiemefa's Antique Armour Shoppe.
  2003 | D:3      | Found Vixude's General Store.
  2010 | D:3      | Bought a scroll of teleportation for 33 gold pieces
  2010 | D:3      | Bought a potion of curing for 33 gold pieces
  2018 | D:3      | Found Acogutyq's Assorted Antiques.
  2035 | D:3      | Bought a glowing white potion for 19 gold pieces
  2055 | D:3      | Found Wiasall's Distillery.
  2122 | D:3      | Found a faded altar of an unknown god.
  2636 | D:4      | Reached skill level 5 in Unarmed Combat
  2690 | D:4      | Found a sacrificial altar of Ru.
  2741 | D:4      | Found a staircase to the Ecumenical Temple.
  2756 | Temple   | Entered the Ecumenical Temple
  2794 | Temple   | Became a worshipper of Yredelemnul the Dark
  2882 | D:4      | Noticed Eustachio
  2883 | D:4      | Noticed Robin
  2899 | D:4      | Killed Eustachio
  2900 | D:4      | Reached * piety under Yredelemnul
  2900 | D:4      | Reached skill level 6 in Unarmed Combat
  2900 | D:4      | Your scales start taking on a dull iron-grey colour.
  2900 | D:4      | Reached XP level 7. HP: 42/59 MP: 7/10
  2902 | D:4      | Killed Robin
  2905 | D:4      | Reached ** piety under Yredelemnul
  3024 | D:4      | Found a glowing drain.
  3092 | D:4      | Your ally Robin died
  3288 | D:4      | Found Moyp's Antique Weapon Shoppe.
  3362 | D:5      | Entered Level 5 of the Dungeon
  3456 | D:5      | Reached XP level 8. HP: 59/66 MP: 11/11
  3532 | D:5      | Reached skill level 5 in Dodging
  3537 | D:5      | Learned a level 4 spell: Ice Form
  3916 | D:5      | Found an ancient bone altar of Kikubaaqudgha.
  3918 | D:5      | Found a shimmering blue altar of Sif Muna.
  3920 | D:5      | Found a radiant altar of Vehumet.
  3925 | D:5      | Got Vehumet's Encyclopedia of the Missiles
  4195 | D:5      | Found a sparkling altar of Nemelex Xobeh.
  4245 | D:5      | Reached skill level 1 in Ice Magic
  4245 | D:5      | Reached skill level 1 in Invocations
  4382 | D:6      | Found a runed translucent gate.
  4382 | D:6      | Found a runed translucent gate.
  4382 | D:6      | Found a runed translucent gate.
  4439 | D:6      | Noticed Grinder
  4454 | D:6      | Killed Grinder
  4631 | D:6      | Found a stormy altar of Qazlal.
  4669 | D:6      | Found a glowing golden altar of the Shining One.
  4671 | D:6      | Found a hazy altar of Hepliaklqana.
  4978 | D:6      | Noticed TrebMcFLY's ghost (novice DECj)
  5110 | D:6      | Reached XP level 9. HP: 71/71 MP: 9/12
  5910 | D:7      | Reached skill level 5 in Invocations
  6294 | D:7      | Noticed a gargoyle
  6299 | D:7      | Killed a gargoyle
  6480 | D:7      | Reached *** piety under Yredelemnul
  6736 | D:8      | Reached XP level 10. HP: 78/78 MP: 10/15
  6796 | D:8      | Found a sand-covered staircase.
  6805 | Ossuary  | Entered an ossuary
  7198 | Ossuary  | Reached skill level 5 in Fighting
  7380 | D:8      | Found Jimor's Assorted Antiques.
  7383 | D:8      | Bought a scroll labelled RERE MASKY for 23 gold pieces
  7885 | D:9      | Found a staircase to the Orcish Mines.
  7916 | D:9      | Noticed a brown ugly thing
  7927 | D:9      | Killed a brown ugly thing
  7928 | D:9      | Reached skill level 7 in Unarmed Combat
  7928 | D:9      | Noticed a skeletal warrior
  8280 | D:9      | Reached skill level 8 in Unarmed Combat
  8324 | D:9      | Reached XP level 11. HP: 22/94 MP: 17/17
  8577 | D:9      | Reached skill level 9 in Unarmed Combat
  8598 | D:9      | Found an opulent altar of Gozag.
  8663 | D:9      | Noticed a two-headed ogre
  8670 | D:9      | Killed a two-headed ogre
  8847 | D:9      | Reached skill level 10 in Unarmed Combat
  8890 | D:9      | Reached **** piety under Yredelemnul
  9130 | D:9      | Found a shimmering altar of Xom.
  9359 | D:9      | Noticed a two-headed ogre
  9365 | D:9      | Killed a two-headed ogre
  9371 | D:9      | Reached ***** piety under Yredelemnul
  9491 | D:10     | Entered Level 10 of the Dungeon
  9555 | D:10     | Found a staircase to the Lair.
 10059 | D:10     | Noticed a two-headed ogre
 10127 | D:10     | Killed a two-headed ogre
 10127 | D:10     | Enslaved a two-headed ogre
 10715 | D:10     | Noticed a sixfirhy
 10837 | D:10     | Reached ****** piety under Yredelemnul
 11366 | Lair:1   | Entered Level 1 of the Lair of Beasts
 11777 | Lair:1   | Reached skill level 10 in Dodging
 11835 | Lair:1   | Reached XP level 12. HP: 101/101 MP: 14/18
 12109 | Lair:1   | Noticed Gastronok
 12120 | Lair:1   | Killed Gastronok
 12197 | Lair:1   | Reached skill level 5 in Spellcasting
 12834 | Lair:2   | Noticed a five-headed hydra
 12845 | Lair:2   | Killed a five-headed hydra
 13069 | Lair:2   | Reached skill level 11 in Unarmed Combat
 13074 | Lair:2   | Found a staircase to the Snake Pit.
 13399 | Lair:2   | Reached skill level 10 in Fighting
 13480 | Lair:2   | Found a staircase to the Shoals.
 14430 | Lair:3   | Noticed a five-headed hydra
 14436 | Lair:3   | Killed a five-headed hydra
 14437 | Lair:3   | Reached skill level 12 in Unarmed Combat
 14525 | Lair:3   | Reached XP level 13. HP: 115/115 MP: 15/20
 14595 | Lair:3   | Noticed Urug
 14610 | Lair:3   | Killed Urug
 15567 | Lair:3   | Reached skill level 13 in Unarmed Combat
 15947 | Lair:4   | Noticed Kirke
 16663 | Lair:4   | Found a stormy altar of Qazlal.
 16671 | Lair:4   | Killed Kirke
 16672 | Lair:4   | Reached skill level 14 in Unarmed Combat
 17312 | Lair:4   | Reached skill level 15 in Unarmed Combat
 17403 | Lair:4   | Found a runed translucent door.
 17403 | Lair:4   | Noticed an azure jelly
 17403 | Lair:4   | Noticed an azure jelly
 17403 | Lair:4   | Noticed an azure jelly
 17404 | Lair:4   | Found a staircase to the Slime Pits.
 17782 | Lair:5   | Entered Level 5 of the Lair of Beasts
 17888 | Lair:5   | Reached XP level 14. HP: 125/126 MP: 18/21
 17896 | Lair:5   | Identified the +8 halberd of Callousness {vamp, rC+ SInv}
 17999 | Lair:5   | Mangled by a komodo dragon

Illustrated notes

Levels and vault maps discovered:
D:1:      lemuel_arrival_funnel, layout_loops_ring
D:2:      layout_basic, uniq_sigmund, uniq_terence, uniq_jessica
D:3:      layout_basic, serial_shops, nicolae_shop_stone,
          nicolae_shop_advertising_works [nicolae_subvault_shop_adworks],
          nicolae_shop_industrial_runoff, shop, shop,
          hellmonk_ecumenical_altar_heavens_door, minmay_box_of_dots
D:4:      layout_rooms, nicolae_ru_path_of_blood, minmay_temple_entry_junction,
          gup_sewer_entry_pipe, serial_shops, nicolae_shop_real_fake_doors,
          minivault_14, uniq_eustachio, uniq_robin
D:5:      layout_basic, grunt_temple_overflow_magic_moments,
          nemelex_altar_shiori, hangedman_abyss_or_decor_passed
D:6:      layout_basic, gammafunk_temple_overflow_forgotten,
          gammafunk_ghost_icy, uniq_grinder
D:7:      layout_rooms, minmay_manual_maat
D:8:      layout_basic, serial_shops, nicolae_shop_tiny_real_fake_doors,
          nicolae_ossuary_entry_giza
D:9:      minmay_ornate_pinched, layout_stronghold, lemuel_round_altar,
          mainiacjoe_overflow_concentric_impassable, orc_0_dummy
D:10:     layout_stronghold, erik_lair_orcish_takeover, serial_rivers,
          chequers_serial_rivers_marsh, chequers_serial_rivers_small_b,
          chequers_serial_rivers_small_a, chequers_serial_rivers_room_b,
          corexii_checkpoint_a, grunt_decor_arrowhead, minmay_joined_circles
Temple:   nicolae_temple_godzebo
Lair:1:   layout_gridlike, grunt_forest_small_clearing_treed, uniq_gastronok
Lair:2:   layout_misc_corridors, minmay_shoals_entry_lonely_mermaid,
          minmay_snake_entry_guardpost_small
Lair:3:   nzn_winding_woodlands_medium [nzn_winding_woodlands_5x5_three,
          nzn_winding_woodlands_5x15_pockets, nzn_winding_woodlands_5x5_cross,
          nzn_winding_woodlands_5x5_open_star,
          nzn_winding_woodlands_center_lodge,
          nzn_winding_woodlands_5x5_checkerboard,
          nzn_winding_woodlands_5x5_default, nzn_winding_woodlands_5x15_crooked,
          nzn_winding_woodlands_5x5_perimeter], layout_regular_city,
          minmay_lair_oklob_bushes, st_stairs_7, beast_lair_carwin_3, uniq_urug
Lair:4:   layout_cave_pods, slime_entry_2, basic_altar, lemuel_old_faithful,
          uniq_kirke
Lair:5:   minmay_lair_end_enchanted_forest, layout_gridlike,
          nicolae_volcano_entry_vermiform

Skill      XL: |  1  2  3  4  5  6  7  8  9 10 11 12 13 14 |
---------------+-------------------------------------------+-----
Transmutations | 3 4 5 6 8 9 |  9.1
Fighting       | 3 4 8 10 12 | 12.0
Unarmed Combat | 4 6 8 10 12 15 | 15.0
Dodging        | 2 4 6 10 | 10.0
Ice Magic      | 3 4 |  4.0
Invocations    | 3 7 8 |  8.0
Spellcasting   | 3 5 |  5.0

Action                     |  1- 3 |  4- 6 |  7- 9 | 10-12 | 13-15 || total
---------------------------+-------+-------+-------+-------+-------++-------
  Melee: Unarmed           |   116 |   213 |   267 |   612 |   248 ||  1456
         Tailslap          |    12 |    13 |    10 |     4 |     1 ||    40
         Punch             |     2 |     4 |     3 |     4 |       ||    13
   Cast: Spider Form       |     1 |    12 |    16 |       |       ||    29
         Ice Form          |       |       |    10 |    50 |    23 ||    83
 Invoke: Recall Undead Har |       |       |       |     2 |     1 ||     3
         Bind Soul         |       |       |       |     2 |     1 ||     3
  Evoke: Box of beasts     |       |       |       |     1 |     1 ||     2
         Wand              |       |       |       |     1 |       ||     1
    Use: Scroll            |     3 |     6 |     5 |    12 |       ||    26
         Potion            |       |     2 |       |       |     3 ||     5
   Stab: Sleeping          |       |     1 |       |     1 |     1 ||     3
         Distracted        |       |       |     3 |     4 |     5 ||    12
         Petrified         |       |       |       |       |     1 ||     1
 Armour: Skin              |    43 |    89 |    79 |   224 |    72 ||   507
  Dodge: Dodged            |    74 |   285 |   221 |   502 |   281 ||  1363
